[Event "Argentine Superior Chess Championship 2023"]
[Site "https://www.chess.com"]
[Date "2023.11.07"]
[Round "11"]
[White "Krysa, Leandro"]
[Black "Peralta, Fernando"]
[Result "1/2-1/2"]
[Board "2"]
[TimeControl "5400+30"]
[WhiteFideId "116807"]
[BlackFideId "105309"]
[WhiteElo "2545"]
[BlackElo "2580"]
[WhiteTeam "ARG"]
[BlackTeam "ARG"]
[WhiteClock "0:00:39"]
[BlackClock "0:01:56"]

1. g3 d5 2. Nf3 Nf6 3. Bg2 e6 4. O-O Be7 5. c4 O-O 6. d4 c6 7. Nc3 a5 8. Re1 Ne4 9. Bf4 f5 10. Nxe4 dxe4 11. Ne5 g5 12. Be3 c5 13. Qd2 cxd4 14. Bxd4 Bb4 15. Qe3 Bxe1 16. Rxe1 Ra6 17. c5 Nc6 18. Nxc6 Rxc6 19. f3 Qe7 20. fxe4 f4 21. gxf4 gxf4 22. Qb3 Rf7 23. e5 Rxc5 24. Bxc5 Qxc5+ 25. Kh1 Qxe5 26. Bf3 b5 27. Qd3 Bd7 28. Rg1+ Kh8 29. b3 Rg7 30. Rxg7 Qxg7 31. Qd2 Qa1+ 32. Kg2 Qg7+ 33. Kf2 e5 34. Qd6 h5 35. Be4 Kg8 36. Bd5+ Kh7 37. Be4+ Kg8 38. Bd5+ Kh7 39. Be4+ 1/2-1/2

[Event "Argentine Superior Chess Championship 2023"]
[Site "https://www.chess.com"]
[Date "2023.11.07"]
[Round "11"]
[White "Valerga, Diego"]
[Black "Acosta, Pablo Ismael"]
[Result "0-1"]
[Board "3"]
[TimeControl "5400+30"]
[WhiteFideId "100587"]
[BlackFideId "124311"]
[WhiteElo "2429"]
[BlackElo "2477"]
[WhiteTeam "ARG"]
[BlackTeam "ARG"]
[WhiteClock "0:30:41"]
[BlackClock "0:31:02"]

1. d4 d5 2. c4 e6 3. Nc3 Nf6 4. Nf3 c6 5. Bg5 Nbd7 6. e3 h6 7. Bh4 Be7 8. Bd3 dxc4 9. Bxc4 b5 10. Bd3 Bb7 11. O-O O-O 12. a3 a5 13. Qe2 b4 14. Na4 c5 15. Bxf6 Bxf6 16. dxc5 Qe7 17. Rfc1 Rac8 18. axb4 axb4 19. Nd2 Nxc5 20. Nxc5 Bxb2 21. Nxb7 Rxc1+ 22. Rxc1 Bxc1 23. Na5 Bxd2 24. Qxd2 Rc8 25. Nc4 b3 26. Kf1 Qh4 27. Qb4 Qxh2 28. Qb7 Rb8 29. Qe4 b2 30. Qh7+ Kf8 31. Ke2 Qh5+ 32. f3 Ke7 33. Qxg7 b1=Q 34. Bxb1 Rxb1 35. Ne5 Rb5 36. Nc6+ Kd7 37. Qh8 Kxc6 38. Qc8+ Kb6 39. Qd8+ Kc5 40. Qc7+ Kb4 0-1

[Event "Argentine Superior Chess Championship 2023"]
[Site "https://www.chess.com"]
[Date "2023.11.07"]
[Round "11"]
[White "Francisco Guecamburu, Candela Be"]
[Black "Villca, Julian"]
[Result "1/2-1/2"]
[Board "4"]
[TimeControl "5400+30"]
[WhiteFideId "160911"]
[BlackFideId "134902"]
[WhiteElo "2349"]
[BlackElo "2398"]
[WhiteTeam "ARG"]
[BlackTeam "ARG"]
[WhiteClock "0:04:58"]
[BlackClock "0:02:39"]

1. e4 e5 2. Nf3 Nc6 3. Nc3 Nf6 4. d4 exd4 5. Nxd4 Bb4 6. Nxc6 bxc6 7. Bd3 d5 8. exd5 cxd5 9. O-O O-O 10. h3 c6 11. Qf3 Re8 12. Bf4 Be6 13. Ne2 Qb6 14. c3 Bf8 15. b4 a5 16. Be3 Qc7 17. a3 c5 18. bxc5 Nd7 19. Bf4 Qxc5 20. a4 Rec8 21. Qg3 Nf6 22. Be5 Ne4 23. Qf4 Qe7 24. Bxe4 dxe4 25. Ng3 Re8 26. Bd4 f5 27. Nxf5 Qf7 28. g4 Rad8 29. Rfe1 Bxf5 30. Qxf5 Qxf5 31. gxf5 Rd5 32. Rab1 Rxf5 33. Rb5 g6 34. Rxf5 gxf5 35. Rb1 f4 36. Rb5 Bd6 37. Rxa5 Kf7 38. Ra7+ Ke6 39. Ra6 Kd5 40. Kf1 Rb8 41. Ke2 Rb2+ 42. Kd1 Ra2 43. Ra7 Kc4 44. Rxh7 e3 45. Bxe3 fxe3 46. fxe3 Kd3 47. Ke1 Kxe3 48. Kf1 Bf4 49. Re7+ Kf3 50. h4 Rh2 51. Rg7 Rh1+ 52. Rg1 Rxh4 53. Rg7 Rh1+ 54. Rg1 Rh7 55. Rg8 Rb7 56. Re8 Rb2 57. a5 Ra2 58. c4 Rxa5 59. c5 Rxc5 60. Re7 Rc8 61. Re2 Bg3 62. Rf2+ Kg4 63. Rb2 Re8 64. Kg2 Bf4 65. Rc2 Rh8 66. Re2 Rh7 67. Re8 Rh2+ 68. Kf1 Kf3 69. Rg8 Bh6 70. Rg6 Rb2 71. Re6 Bg5 72. Re8 Rb1+ 73. Re1 Rb8 74. Re2 Be3 75. Rf2+ Ke4 76. Rf7 Rb1+ 77. Ke2 Rb2+ 78. Kf1 Bc5 79. Rf6 Ke5 1/2-1/2

[Event "Argentine Superior Chess Championship 2023"]
[Site "https://www.chess.com"]
[Date "2023.11.07"]
[Round "11"]
[White "Miranda, Rafael"]
[Black "Tristan, Leonardo"]
[Result "0-1"]
[Board "5"]
[TimeControl "5400+30"]
[WhiteFideId "130990"]
[BlackFideId "113816"]
[WhiteElo "2343"]
[BlackElo "2524"]
[WhiteTeam "ARG"]
[BlackTeam "ARG"]
[WhiteClock "0:07:46"]
[BlackClock "0:10:00"]

1. e4 Nf6 2. e5 Nd5 3. d4 d6 4. c4 Nb6 5. exd6 cxd6 6. Nc3 g6 7. Be3 Bg7 8. Rc1 O-O 9. Be2 d5 10. c5 Nc4 11. Bxc4 dxc4 12. Qa4 Nc6 13. Nge2 Nxd4 14. Nxd4 Bxd4 15. Rd1 e5 16. O-O Be6 17. Ne2 Bd7 18. Qxc4 Bxe3 19. fxe3 Be6 20. Qe4 Qc7 21. b4 f5 22. Qc2 a5 23. a3 axb4 24. axb4 Ra2 25. Qd3 Qf7 26. Nc1 Bc4 27. Qb1 Ra3 28. Rfe1 f4 29. exf4 exf4 30. Qe4 f3 31. gxf3 Rxf3 32. Qh4 Rf4 33. Qg3 Qf5 0-1

[Event "Argentine Superior Chess Championship 2023"]
[Site "https://www.chess.com"]
[Date "2023.11.07"]
[Round "11"]
[White "Gomez, Carlos David"]
[Black "Silva, Luca"]
[Result "0-1"]
[Board "6"]
[TimeControl "5400+30"]
[WhiteFideId "114669"]
[BlackFideId "147370"]
[WhiteElo "2336"]
[BlackElo "2301"]
[WhiteTeam "ARG"]
[BlackTeam "ARG"]
[WhiteClock "0:34:14"]
[BlackClock "0:36:20"]

1. c4 c5 2. Nf3 Nc6 3. Nc3 g6 4. a3 Bg7 5. g3 d6 6. Bg2 Rb8 7. O-O a6 8. Ne1 Nf6 9. Nc2 Be6 10. Ne3 O-O 11. f4 Bd7 12. Rb1 b5 13. d3 Nd4 14. cxb5 axb5 15. b4 e6 16. g4 Qb6 17. g5 Nh5 18. bxc5 Qxc5 19. Ne4 Qa7 20. Kh1 d5 21. Ng3 Nxg3+ 22. hxg3 Rfc8 23. Ng4 Nf5 24. Kh2 d4 25. Nf6+ Bxf6 26. gxf6 Bc6 27. g4 Bxg2 28. Kxg2 Qb7+ 29. Kh3 Nd6 30. Rb4 Qd5 31. Bb2 h5 32. e4 dxe3 33. Rd4 Qc5 34. Rg1 hxg4+ 35. Qxg4 Nf5 36. Rd7 Qf8 37. Qxg6+ fxg6 38. Rxg6+ Kh8 39. Rdg7 e2 40. Rg5 Qxg7 0-1

[Event "Argentine Superior Chess Championship 2023"]
[Site "https://www.chess.com"]
[Date "2023.11.07"]
[Round "12"]
[White "Perez Ponsa, Federico"]
[Black "Peralta, Fernando"]
[Result "1/2-1/2"]
[Board "1"]
[TimeControl "15 + 10"]
[WhiteFideId "117927"]
[BlackFideId "105309"]
[WhiteElo "2592"]
[BlackElo "2577"]
[WhiteTeam "ARG"]
[BlackTeam "ARG"]
[WhiteClock "0:00:14"]
[BlackClock "0:01:06"]

1. d4 Nf6 2. c4 e6 3. Nf3 b6 4. g3 Bb7 5. Bg2 Be7 6. O-O O-O 7. Nc3 Ne4 8. Qc2 Nxc3 9. Qxc3 d6 10. Qd3 Nc6 11. Bd2 Bf6 12. Bc3 e5 13. dxe5 dxe5 14. Qxd8 Raxd8 15. Nxe5 Bxe5 16. Bxe5 Nxe5 17. Bxb7 Rd2 18. b3 Rfd8 19. Rfe1 g5 20. Bd5 c6 21. Be4 Kg7 22. f3 a5 23. Kf2 Rb2 24. Reb1 Rbd2 25. Ke1 a4 26. Rd1 Rxd1+ 27. Rxd1 Rxd1+ 28. Kxd1 axb3 29. axb3 c5 30. Kd2 h6 31. Ke3 Kf6 32. h3 Ke7 33. Bd5 f5 34. f4 gxf4+ 35. gxf4 Nd7 36. Kf3 Nf6 37. Bb7 Ne8 38. e4 Nd6 39. Bd5 fxe4+ 40. Bxe4 b5 41. cxb5 Nxb5 42. Ke3 Nd6 43. Bd3 Ke6 44. Kf3 Kf6 45. Kg4 Ne8 46. Bb5 Nd6 47. Bd3 Ne8 48. Be2 Kg6 49. Kf3 Nd6 50. Bd3+ Kf6 51. Ke3 Ke6 52. Kf3 Kf6 1/2-1/2

[Event "Argentine Superior Chess Championship 2023"]
[Site "https://www.chess.com"]
[Date "2023.11.07"]
[Round "13"]
[White "Peralta, Fernando"]
[Black "Perez Ponsa, Federico"]
[Result "1-0"]
[Board "1"]
[TimeControl "15 + 10"]
[WhiteFideId "105309"]
[BlackFideId "117927"]
[WhiteElo "2577"]
[BlackElo "2592"]
[WhiteTeam "ARG"]
[BlackTeam "ARG"]
[WhiteClock "0:00:59"]
[BlackClock "0:00:31"]

1. d4 Nf6 2. c4 e6 3. Nc3 d5 4. cxd5 exd5 5. Bg5 c6 6. e3 h6 7. Bh4 Be7 8. Bd3 O-O 9. Nge2 Ne8 10. Bg3 Nd6 11. O-O Re8 12. f3 Nc4 13. Bxc4 dxc4 14. e4 Na6 15. a3 b5 16. Kh1 Nc7 17. Qc2 a5 18. Rfd1 Bf8 19. Nf4 b4 20. axb4 axb4 21. Rxa8 Nxa8 22. Nce2 Nb6 23. Bf2 Ba6 24. h3 Bb5 25. Ra1 Qb8 26. Bg3 Qb7 27. Re1 Qa7 28. Nh5 Qa2 29. Nc1 Qa5 30. Qf2 c3 31. bxc3 bxc3 32. Be5 c2 33. Bxg7 Bxg7 34. Qg3 Qxe1+ 35. Qxe1 Bh8 36. Qd2 Ba4 37. Qxh6 Bxd4 38. Nf6+ Bxf6 39. Qxf6 Re6 40. Qd8+ Kg7 41. Qxb6 Rd6 42. Kh2 Rd1 43. Qb2+ Kg8 44. h4 c5 45. h5 c4 46. h6 1-0